AoeStats
← Willi

Arena

510517973Analyzed
1v1 RM · 2d ago on Oct 1, 2026· 46m 34s· 2 players
Game mode
Random Map
Map size
Tiny (2 player)
Population
200
Speed
Normal
Resources
Standard
Victory
Conquest
Starting age
Dark Age
Ending age
Imperial Age
RankedLock teamsTeams togetherTeam positionsShared explorationLock speedFull tech treeHidden civsTurbo modeCheats
Victory
Defeat
🇹🇼 Burgundians · Taiwan
1162
+17
🇩🇪 Vietnamese · Germany
1186
-17
Stoner27
5:25 Double-Bit Axe
7:03 Horse Collar
11:35 Feudal Age
11:01 Gold Mining
15:40 Castle Age
15:00 Bow Saw
16:02 Light Cavalry
23:28 Wheelbarrow
22:38 Town Watch
25:08 Atonement
26:40 Two-Man Saw
26:29 Stone Mining
26:48 Husbandry
27:11 Devotion
28:33 Hand Cart
28:24 Heavy Plow
29:01 Gold Shaft Mining
29:01 Stone Shaft Mining
29:18 Loom
30:03 Scale Barding Armor
30:09 Forging
31:19 Chain Barding Armor
34:55 Imperial Age
33:37 Burgundian Vineyards
35:12 Iron Casting
34:56 Fletching
37:03 Conscription
38:00 Chemistry
36:56 Murder Holes
37:01 Bodkin Arrow
37:07 Padded Archer Armor
38:00 Crop Rotation
38:19 Bracer
39:02 Hussar
40:19 Plate Barding Armor
40:00 Treadmill Crane
41:13 Hoardings
41:47 Masonry
42:36 Leather Archer Armor
43:22 Blast Furnace
43:58 Scale Mail Armor
44:32 Flemish Revolution
45:51 Chain Mail Armor
46:04 Squires
45:50 Arson
Willi
10:26 Feudal Age
13:07 Wheelbarrow
12:20 Loom
15:04 Castle Age
12:56 Double-Bit Axe
18:02 Husbandry
17:22 Light Cavalry
18:46 Bow Saw
22:14 Horse Collar
23:39 Heavy Plow
24:32 Gold Mining
28:01 Wheelbarrow
30:50 Imperial Age
28:33 Squires
28:47 Devotion
30:05 Hand Cart
29:42 Gold Mining
29:43 Stone Mining
30:52 Scale Mail Armor
31:04 Forging
31:55 Chain Mail Armor
32:34 Elite Fire Lancer
36:38 Plate Mail Armor
38:00 Ballistics
37:33 Fletching
39:31 Iron Casting
40:25 Bodkin Arrow
41:38 Chemistry
40:23 Crossbowman
42:35 Arbalester
43:58 Bracer
44:13 Padded Archer Armor
45:31 Thumb Ring
Connection lost

Rejoining the realm…

Still unreachable

The connection could not be restored.

Session expired

The server has moved on; the page needs a fresh start.